AoeStats
← Bishop

Arabia

506566510Analyzed
1v1 RM · 18d ago on Sep 14, 2026· 53m 35s· 2 players
Game mode
Random Map
Map size
Tiny (2 player)
Population
200
Speed
Normal
Resources
Standard
Victory
Conquest
Starting age
Dark Age
Ending age
Imperial Age
RankedLock teamsTeams togetherTeam positionsShared explorationLock speedFull tech treeHidden civsTurbo modeCheats
Victory
Defeat
🇨🇱 Celts · Chile
996
+18
🇺🇸 Romans · United States
1038
-18
Bishop
7:42 Loom
10:25 Feudal Age
11:02 Double-Bit Axe
10:42 Man-at-Arms
14:19 Horse Collar
17:08 Fletching
24:37 Castle Age
24:44 Padded Archer Armor
24:57 Town Watch
25:26 Bodkin Arrow
25:00 Crossbowman
25:04 Pikeman
26:21 Scale Mail Armor
29:31 Chain Mail Armor
35:28 Wheelbarrow
35:45 Long Swordsman
37:10 Bow Saw
37:46 Chain Mail Armor
37:37 Scale Barding Armor
40:50 Ballistics
43:46 Wheelbarrow
48:19 Imperial Age
47:12 Chain Barding Armor
Surukāto
8:03 Loom
11:08 Feudal Age
11:39 Double-Bit Axe
11:25 Man-at-Arms
16:06 Arson
16:13 Fletching
16:26 Scale Mail Armor
16:38 Forging
16:31 Scale Mail Armor
21:37 Castle Age
19:40 Horse Collar
20:42 Scale Barding Armor
22:28 Wheelbarrow
24:22 Husbandry
27:12 Chain Barding Armor
28:21 Iron Casting
28:20 Long Swordsman
29:18 Chain Mail Armor
32:05 Light Cavalry
37:10 Gambesons
39:01 Stronghold
42:13 Pikeman
45:45 Imperial Age
45:13 Hand Cart
45:13 Bow Saw
45:04 Heavy Plow
46:08 Two-Handed Swordsman
46:09 Halberdier
47:16 Conscription
48:04 Cavalier
48:31 Champion
Connection lost

Rejoining the realm…

Still unreachable

The connection could not be restored.

Session expired

The server has moved on; the page needs a fresh start.